 Dungeon Crawl Stone Soup version 0.30.1-9-gdf580d7c3d (webtiles) character file.

Game seed: 3591629995816111975

10264 CrazyMind the Unseen (level 11, -1/64 HPs)
             Began as a Vampire Brigand on Sept 24, 2023.
             Was an Initiate of Gozag.
             Slain by an unseen horror simulacrum (5 damage)
             ... on level 8 of the Dungeon on Oct 2, 2023.
             The game lasted 01:38:06 (11166 turns).

CrazyMind the Unseen (Vampire Brigand)             Turns: 11166, Time: 01:38:06

Health: -1/64      AC:  0    Str:  8 (10) XL:     11   Next: 33%
Magic:  0/11       EV: 28    Int: 12 (14) God:    Gozag
Gold:   395        SH:  0    Dex: 23 (25) Spells: 10/10 levels left

rFire   . . .        b - melded +4 falchion (vamp)
rCold   + + .        (shield currently unavailable)
rNeg    + + +        T - melded +0 steam dragon scales
rPois   ∞            p - melded +0 helmet
rElec   .            C - melded +0 cloak
rCorr   .            j - melded +0 pair of gloves
SInv    +            J - melded +2 pair of boots
Will    +....        O - amulet of guardian spirit
Stlth   +++++++++    n - melded ring of magical power
HPRegen 0.00/turn    g - melded ring of Iruo {Ice rElec rCorr Int+7}
MPRegen 0.12/turn

%: guardian spirit
@: bat-form, flying, bloodless, inhibited regen, very quick
A: fast, flying, no casting, tiny, bloodless, fangs 3, see invisible, vampiric 2
a: Revivify, End Transformation, Renounce Religion, Potion Petition, Call
Merchant, Bribe Branch


You were on level 8 of the Dungeon.
You worshipped Gozag.
Gozag was aware of your devotion.
You were a vampire bat.
You visited 2 branches of the dungeon, and saw 11 of its levels.
You also visited: Sewer and Bailey.

You collected 1133 gold pieces.
You paid 738 gold pieces to Gozag.

Inventory:

Hand Weapons
 a - a +2 short sword of draining
 b - a +4 vampiric falchion (melded)
 F - the +8 dagger of Disarray {distort, Drain rElec rC+}
   (You found it on level 4 of the Dungeon)

   rC:        It protects you from cold.
   rElec:     It insulates you from electricity.
   Drain:     It drains your maximum health when unequipped.
 X - a +3 dagger
Missiles
 d - 13 poisoned darts
 e - 7 curare-tipped darts (quivered)
Armour
 j - a +0 pair of gloves (melded)
 p - a +0 helmet (melded)
 C - a +0 cloak (melded)
 J - a +2 pair of boots (melded)
 Q - an orb of mayhem
 T - +0 steam dragon scales (melded)
Jewellery
 c - a ring of flight
 f - the ring "Udopau" {rN+ Will+}
   (You acquired it on level 10 of the Dungeon)

   [ring of willpower]

   rN:        It protects you from negative energy.
   Will:      It increases your willpower.
 g - the ring of Iruo (melded) {Ice rElec rCorr Int+7}
   (You acquired it on level 10 of the Dungeon)

   [ring of ice]

   It enhances your ice magic.
   Int:       It affects your intelligence (+7).
   rF:        It makes you vulnerable to fire.
   rC:        It protects you from cold.
   rElec:     It insulates you from electricity.
   rCorr:     It protects you from acid and corrosion.
 h - an amulet of the acrobat
 k - an amulet of magic regeneration
 n - a ring of magical power (melded)
 O - an amulet of guardian spirit (around neck)
 S - a ring of fire
Wands
 D - a wand of polymorph (13)
 U - a wand of iceblast (1)
Scrolls
 l - a scroll of immolation {unknown}
 m - 4 scrolls of amnesia
 o - 3 scrolls of magic mapping
 w - a scroll of fear {unknown}
 y - 2 scrolls of poison {unknown}
 A - 2 scrolls of fog
 G - 6 scrolls of teleportation
 L - a scroll of torment {unknown}
 M - a scroll of enchant armour {unknown}
 W - a scroll of vulnerability {unknown}
Potions
 i - 5 potions of mutation
 q - 2 potions of brilliance
 r - a potion of cancellation {unknown}
 s - a potion of haste
 u - a potion of invisibility
 v - a potion of might {unknown}
 z - 7 potions of curing
 B - a potion of berserk rage
 E - a potion of degeneration {unknown}
 I - a potion of magic {unknown}
 K - 3 potions of flight
 R - 2 potions of lignification {unknown}


   Skills:
 + Level 6.0 Fighting
 + Level 10.0(10.3) Short Blades
 * Level 3.1(6.6) Long Blades
 + Level 5.2 Throwing
 + Level 8.4 Dodging
 + Level 15.7 Stealth
 + Level 1.9 Evocations


You had 10 spell levels left.
You didn't know any spells.
Your spell library contained the following spells:

 Spells                   Type           Power      Damage    Failure   Level
 Hailstorm                Conj/Ice       0%         3d3       69%         3
 Ignite Poison            Fire/Tmut/Pois 0%         N/A       69%         3
 Tukima's Dance           Hex            0%         N/A       69%         3
 Ice Form                 Ice/Tmut       0%         N/A       97%         4
 Passage of Golubria      Tloc           0%         N/A       97%         4
 Sticky Flame             Conj/Fire      0%         2d3       97%         4
 Yara's Violent Unravell  Hex/Tmut       0%         3d3       100%        5
 Ignition                 Fire           0%         3d3       100%        8
 Simulacrum               Ice/Necr       Unusable   N/A       N/A         6

Dungeon Overview and Level Annotations

Branches:
Dungeon (10/15) Zot: 26600  Temple (1/1) D:5 Zot: 5844    Lair (0/5) D:10
  Sewer (visited)          Bailey (visited)
    Orc: D:9-12

Altars:
Ashenzari
Cheibriados
Dithmenos
Fedhas
Gozag
Hepliaklqana
Kikubaaqudgha
Makhleb
Nemelex Xobeh
Okawaru
Qazlal
Ru
Sif Muna
Trog
Wu Jian
Yredelemnul
Ignis


Innate Abilities, Weirdness & Mutations

You are a vampire bat.
You are tiny and dextrous.
You move quickly.
You are flying.
You are immune to poison.
Your equipment is almost entirely melded.
You are incapable of wielding weapons or throwing items.
You cannot cast spells.
You do not regenerate when monsters are visible.
You are frail without blood (-20% HP).
You can heal yourself when you bite living creatures.
You are immune to poison.
You have razor-sharp teeth.
You have supernaturally acute eyesight. (SInv)
You are afflicted with vampirism and can become a bat while bloodless.


Message History

Unknown command.
Unknown command.
Unknown command.
Okay, then.
Unknown command.
Unknown command.
You turn into a vampire bat.
Your +4 vampiric falchion melds into your body.
Your +0 cloak melds into your body.
Your +0 helmet melds into your body.
Your +0 pair of gloves melds into your body.
Your +2 pair of boots melds into your body.
Your +0 steam dragon scales melds into your body.
Your ring of magical power melds into your body.
The ring of Iruo {Ice rElec rCorr Int+7} melds into your body.
You feel your glee subside.
You feel your magic capacity decrease.
You feel weakened.
You feel dopey.
You feel clumsy.
The unseen horror simulacrum is engulfed in blazing flames.
The fire elemental completely misses you. x2
The fire elemental hits you.
* * * LOW HITPOINT WARNING * * *
The fire elemental burns you!
* * * LOW HITPOINT WARNING * * *
The fire elemental completely misses you.
The unseen horror simulacrum is engulfed in blazing flames.
The unseen horror simulacrum is engulfed in blazing flames.
Unknown command.
Unknown command.
Unknown command.
Unknown command.
The unseen horror simulacrum completely misses you.
The unseen horror simulacrum attacks as you move away!
The unseen horror simulacrum closely misses you. x2
The unseen horror simulacrum attacks as you move away!
The unseen horror simulacrum closely misses you.
The orc warrior shouts!
The unseen horror simulacrum attacks as you move away!
The unseen horror simulacrum completely misses you.
The unseen horror simulacrum hits you.
You die...
Your body crumbles into a pile of gold.

.......°☼☼E○○°....##...>......
.......○######...###..........
..........○........####..........
..........○#....#................
.. ........E..........#..........
. ........#....#...........<....
###.##........................
####....##...Z#................
###.......##...ob........)>......
.................................
#.......o........................
#...........∩..#.[...............
#........Y......<###..###....####
#........o.....### #### ######
#...........#.## ##.........##.#
$ #........y###..


You could see a fire elemental, an orc warrior, an ice beast, an unseen horror
simulacrum and an orc.

Vanquished Creatures
  An orc high priest (Bailey)
  Nergalle (D:10)
  Pikel (D:7)
  2 orc knights (Bailey)
  Maggie (D:6)
  A kobold demonologist (Bailey)
  A polar bear (D:8)
  Sigmund (D:3)
  10 yaks
  5 fire elementals
  Menkaure (D:6)
  Edmund (D:6)
  3 water moccasins
  Duvessa (D:5)
  5 ice beasts
  2 black bears
  11 orc warriors
  A sky beast (D:7)
  An ogre (D:5)
  2 centaurs
  2 phantoms
  A kobold brigand (D:6)
  Blork the orc (D:6)
  5 bullfrogs
  A scorpion (D:7)
  10 wights
  Dowan (D:5)
  9 killer bees
  6 electric eels (Bailey)
  A howler monkey (D:4)
  A wyvern simulacrum (D:8)
  2 hounds (D:6)
  A jelly (D:6)
  3 sleepcaps
  A gnoll bouda (D:6)
  4 orc priests
  Natasha (thrice) (D:3)
  Terence (D:3)
  4 orc wizards
  6 iguanas
  Robin (D:2)
  9 adders
  7 gnolls
  4 river rats (Sewer)
  A shadow imp (D:5)
  2 white imps
  An ufetubus (D:4)
  4 worms
  47 orcs
  5 endoplasms
  7 giant cockroaches
  29 goblins
  14 hobgoblins
  8 jackals
  14 kobolds
  7 quokkas
  11 ball pythons
  11 bats
  8 frilled lizards
  7 rats
312 creatures vanquished.

Vanquished Creatures (others)
  13 foxfires (D:7)
13 creatures vanquished.

Grand Total: 325 creatures vanquished

Notes
Turn   | Place    | Note
-------+----------+-------------------------------------------
     0 | D:1      | CrazyMind the Vampire Brigand began the quest for the Orb.
     0 | D:1      | Reached XP level 1. HP: 16/16 MP: 1/1
   100 | D:1      | Reached skill level 6 in Stealth
   135 | D:1      | Found a faded altar of an unknown god.
   139 | D:1      | Prayed at the altar of an unknown god.
   139 | D:1      | Became a worshipper of Ignis, the Dying Flame
   238 | D:1      | Reached XP level 2. HP: 22/22 MP: 2/2
   601 | D:2      | Reached skill level 7 in Stealth
   601 | D:2      | Gained mutation: You are afflicted with vampirism and can
                  | become a bat while bloodless. [Vampire growth]
   601 | D:2      | Reached XP level 3. HP: 21/21 MP: 3/3
   827 | D:2      | Noticed Robin
  1297 | D:2      | Reached XP level 4. HP: 29/29 MP: 4/4
  1472 | D:2      | Killed Robin
  1572 | D:2      | Found an opulent altar of Gozag.
  1630 | D:3      | Noticed a phantom
  1631 | D:3      | Killed a phantom
  1632 | D:3      | Reached skill level 8 in Stealth
  1632 | D:3      | Reached XP level 5. HP: 34/34 MP: 5/5
  1749 | D:3      | Found a glowing drain.
  1753 | Sewer    | Entered a sewer
  2447 | D:3      | Noticed Sigmund
  2485 | D:3      | Noticed Natasha
  2490 | D:3      | Killed Natasha
  2491 | D:3      | Reached skill level 9 in Stealth
  2491 | D:3      | Reached XP level 6. HP: 40/40 MP: 6/6
  2492 | D:3      | Killed Sigmund
  2664 | D:3      | Noticed Natasha
  2669 | D:3      | Noticed Terence
  3052 | D:3      | Killed Natasha
  3053 | D:3      | Reached XP level 7. HP: 33/35 MP: 7/7
  3148 | D:3      | Noticed Natasha
  3161 | D:3      | Killed Natasha
  3246 | D:4      | Identified the +8 dagger of Disarray {distort, Drain rElec
                  | rC+}
  3307 | D:4      | Reached skill level 5 in Short Blades
  3382 | D:4      | Reached skill level 10 in Stealth
  4546 | D:3      | Killed Terence
  4584 | D:5      | Entered Level 5 of the Dungeon
  4607 | D:5      | Found a staircase to the Ecumenical Temple.
  4616 | Temple   | Entered the Ecumenical Temple
  4747 | D:5      | Noticed Dowan
  4762 | D:5      | Killed Dowan
  4778 | D:5      | Noticed Duvessa
  4798 | D:5      | Killed Duvessa
  4985 | D:4      | Reached XP level 8. HP: 31/46 MP: 8/8
  5650 | D:5      | Reached skill level 11 in Stealth
  5666 | D:6      | Noticed Edmund
  5791 | D:6      | Noticed Blork the orc
  5804 | D:6      | Killed Blork the orc
  5805 | D:6      | Noticed Menkaure
  5832 | D:6      | Killed Menkaure
  5940 | D:6      | Reached skill level 5 in Dodging
  5940 | D:6      | Reached XP level 9. HP: 52/52 MP: 9/9
  6266 | D:6      | Noticed Maggie
  6294 | D:6      | Killed Maggie
  6295 | D:6      | Reached skill level 12 in Stealth
  6585 | D:6      | Killed Edmund
  7240 | D:7      | Reached skill level 5 in Fighting
  7240 | D:7      | Reached skill level 13 in Stealth
  7241 | D:7      | Noticed Pikel
  7267 | D:7      | Killed Pikel
  7268 | D:7      | Reached XP level 10. HP: 53/59 MP: 10/10
  7884 | D:6      | Reached skill level 1 in Evocations
  8058 | Temple   | Fell from the grace of Ignis
  8058 | Temple   | Became a worshipper of Gozag Ym Sagoz the Greedy
  8147 | D:6      | Reached skill level 14 in Stealth
  8317 | D:7      | Found a shimmering blue altar of Sif Muna.
  8947 | D:8      | You are sucked into a shaft and drop 2 floors!
  8947 | D:10     | Entered Level 10 of the Dungeon
  9083 | D:10     | Found a flagged portal.
  9107 | Bailey   | Entered a bailey
  9201 | Bailey   | Noticed an orc high priest
  9391 | Bailey   | Reached skill level 15 in Stealth
  9494 | Bailey   | Noticed an orc knight
  9937 | Bailey   | Found an iron altar of Okawaru.
  9939 | Bailey   | Noticed an orc knight
 10308 | Bailey   | Killed an orc knight
 10309 | Bailey   | Reached skill level 10 in Short Blades
 10309 | Bailey   | Reached skill level 1 in Long Blades
 10309 | Bailey   | Reached XP level 11. HP: 72/81 MP: 11/11
 10323 | Bailey   | Killed an orc knight
 10560 | Bailey   | Killed an orc high priest
 10561 | Bailey   | Reached skill level 5 in Throwing
 10644 | Bailey   | Identified the orb of Thoughtfulness {light, MP+9}
 10682 | D:10     | Acquired the ring of Iruo {Ice rElec rCorr Int+7}
 10686 | D:10     | Acquired the ring "Udopau" {rN+ Will+}
 10696 | D:10     | Noticed Nergalle
 10738 | D:10     | Killed Nergalle
 11148 | D:8      | Was forgiven by Ignis
 11153 | D:8      | HP: 3/64 [fire elemental[the fiery vengeance of Ignis]
                  | (13)]
 11166 | D:8      | Slain by an unseen horror simulacrum

Illustrated notes

Levels and vault maps discovered:
D:1:      psy_arrival_basics, layout_rooms,
          hellmonk_ecumenical_altar_heavens_door, reono_crystal_passage
D:2:      layout_loops_corners, basic_altar, st_stairs_3, uniq_robin
D:3:      layout_rooms, gup_sewer_entry_spiral, minmay_joined_circles,
          uniq_natasha, uniq_terence, uniq_sigmund
D:4:      layout_loops_ring, minmay_circle_x
D:5:      layout_rooms, minmay_temple_entry_ruins, uniq_duvessa
D:6:      layout_loops_ring, uniq_menkaure, uniq_maggie, uniq_blork_the_orc,
          uniq_edmund
D:7:      layout_layer_cave, mainiacjoe_overflow_brackets,
          serial_bayou_lagoon_a, kennysheep_small_square, uniq_pikel
D:8:      layout_rooms, lemuel_coloured_pillars_altar, serial_ice, serial_ice_j,
          serial_ice_e, serial_ice_a, serial_ice_g
D:9:      nicolae_cairo_tiling, layout_rooms, mainiacjoe_overflow_big_doors,
          serial_glass, glass_columns_c, glass_columns_b, serial_shops,
          shop_fountains, nicolae_good_shop
D:10:     layout_roguey, elyvilon_altar_3, dpeg_lair_monsters, enter_bailey_3,
          nicolae_figureground_pulse, uniq_nergalle
Temple:   minmay_temple_bridge_d

Skill      XL: |  1  2  3  4  5  6  7  8  9 10 11 |
---------------+----------------------------------+-----
Stealth        | 6 7 8 9 10 11 13 15 | 15.7
Fighting       | 2 3 4 5 6 |  6.0
Short Blades   | 3 4 6 7 9 10 | 10.0
Dodging        | 2 3 5 6 7 8 |  8.4
Throwing       | 2 3 4 5 |  5.2
Evocations     | 1 |  1.9
Long Blades    | 1 3 |  3.1

Action                     |  1- 3 |  4- 6 |  7- 9 | 10-12 || total
---------------------------+-------+-------+-------+-------++-------
  Melee: Dagger            |    85 |   281 |   585 |   222 ||  1173
         Bite              |     7 |    32 |    89 |    79 ||   207
         Punch             |     1 |     2 |     8 |     9 ||    20
         Short sword       |       |       |       |   181 ||   181
         Falchion          |       |       |       |   115 ||   115
  Throw: Dart              |     4 |     3 |    39 |    40 ||    86
         Boomerang         |       |     2 |       |    14 ||    16
 Invoke: Fiery Armour      |     1 |     2 |     7 |     1 ||    11
         Foxfire Swarm     |       |       |     1 |       ||     1
         Potion Petition   |       |       |       |     3 ||     3
Ability: Exsanguinate      |     1 |     3 |       |     1 ||     5
         Revivify          |     1 |     1 |       |     1 ||     3
         Bat Form          |       |       |       |     1 ||     1
  Evoke: Wand              |       |       |    19 |     9 ||    28
    Use: Potion            |       |     2 |       |     9 ||    11
         Scroll            |       |       |     7 |    13 ||    20
   Stab: Sleeping          |    14 |    16 |    18 |    16 ||    64
         Distracted        |     1 |     3 |     3 |     2 ||     9
         Invisible         |       |       |       |     8 ||     8
 Armour: Robe              |    24 |    46 |    66 |       ||   136
         Steam dragon scal |       |       |    29 |   102 ||   131
  Dodge: Dodged            |    42 |   119 |   176 |   345 ||   682
